 Dungeon Crawl Stone Soup version 0.30-a0-540-g0af01429fa (webtiles) character file.

Game seed: 5905022604090926821

63 greasedhog the Cutter (level 3, 0/22 HPs)
             Began as a Deep Elf Fighter on Dec 25, 2022.
             Slain by Sigmund
             ... wielding a +0 scythe
              (10 damage)
             ... on level 2 of the Dungeon.
             The game lasted 00:01:44 (1501 turns).

greasedhog the Cutter (Deep Elf Fighter)            Turns: 1501, Time: 00:01:45

Health: 0/22       AC:  6    Str: 13    XL:     3   Next: 89%
Magic:  5/5        EV:  9    Int: 12    God:
Gold:   105        SH:  5    Dex: 16    Spells: 2/2 levels left

rFire   . . .      SeeInvis .    a - +0 rapier
rCold   . . .      Faith    .    c - +0 buckler
rNeg    . . .      Spirit   .    b - +0 scale mail
rPois   .          Reflect  .    (no helmet)
rElec   .          Harm     .    (no cloak)
rCorr   .          Rampage  .    (no gloves)
Will    .....                    (no boots)
Stlth   +                        (no amulet)
HPRegen 0.23/turn                (no ring)
MPRegen 0.09/turn                (no ring)

@: mighty
A: no striking features
a: no special abilities


You were on level 2 of the Dungeon.
You visited 1 branch of the dungeon, and saw 2 of its levels.

You collected 105 gold pieces.

Inventory:

Hand Weapons
 a - a +0 rapier (weapon)
Armour
 b - a +0 scale mail (worn)
 c - a +0 buckler (worn)
Scrolls
 e - a scroll of amnesia
 g - a scroll of blinking
 k - a scroll of brand weapon {unknown}
 l - a scroll of fog {unknown}
Potions
 f - a potion of heal wounds {unknown}
 h - a potion of attraction {unknown}
 i - 2 potions of brilliance {unknown}
 j - 2 potions of flight
 m - a potion of curing {unknown}


   Skills:
 + Level 2.7 Fighting
 * Level 2.9 Short Blades
 - Level 2.4 Armour
 * Level 2.3 Dodging
 + Level 1.6 Stealth
 - Level 2.4 Shields


You had 2 spell levels left.
You didn't know any spells.
Your spell library contained the following spells:

 Spells                   Type           Power      Damage    Failure   Level
 Gell's Gravitas          Tloc           0%         N/A       99%         3
 Lesser Beckoning         Tloc           0%         N/A       99%         3
 Teleport Other           Tloc           0%         N/A       99%         3


Dungeon Overview and Level Annotations

Branches:
Dungeon (2/15)

Altars:
Kikubaaqudgha

Shops:
D:1 [

Annotations:
D:2 Sigmund


Message History

You pick up a book of Displacement and begin reading...
You add the spells Lesser Beckoning, Gell's Gravitas and Teleport Other to your library.
n - a scroll of identify
As you read the scroll of identify, it crumbles to dust.
j - 2 potions of flight
Found a stone staircase leading down.
A goblin comes into view.
It is wielding a +0 short sword of protection.
A goblin is nearby!
A goblin is nearby!
The goblin shouts!
Sigmund the Dreaded comes into view.
He is wielding a +0 scythe and wearing a +2 robe of fire resistance.
Found a club.
The goblin hits you with a +0 short sword of protection.
Sigmund barely misses you.
You barely miss the goblin. The goblin closely misses you.
Sigmund barely misses you.
You hit the goblin.
You kill the goblin!
Sigmund hits you with a +0 scythe.
Things that are here:
a +0 short sword of protection; 29 gold pieces; a goblin corpse You hit Sigmund but do no damage.
A bat comes into view.
Sigmund gestures at you while chanting. The magic dart hits you.
The bat moves out of view.
You feel very mighty all of a sudden. Sigmund gestures at you while chanting.
You resist with some effort.
You puncture Sigmund!
Sigmund is moderately wounded.
The bat hits you but does no damage. Sigmund hits you with a +0 scythe.
You closely miss Sigmund.
Sigmund is moderately wounded.
The bat hits you but does no damage. Sigmund hits you but does no damage.
You closely miss Sigmund.
Sigmund is moderately wounded.
You puncture Sigmund!
Sigmund is severely wounded.
You block the bat's attack. x2; Sigmund hits you with a +0 scythe!
You die...

#.# #.# ### ### #.. #.. ..#
#.. #... ..) # #..
#>.###.#.# #..
#......#.##### ##.
#...#..@...... #. #...##@#
#. #####....b.#.# #. ##
#...##.......# #.
#.......############...#
#......................#
##.#.####..............####
#.#.### ..................
#.....# .................
###.#.# ............#.##..


You could see Sigmund and a bat.

Vanquished Creatures
  An adder (D:2)
  2 dart slugs
  3 endoplasms
  4 giant cockroaches
  6 goblins
  4 hobgoblins
  10 jackals
  5 kobolds
  A quokka (D:1)
  A ball python (D:1)
  3 bats
  A frilled lizard (D:1)
  2 rats (D:2)
43 creatures vanquished.

Notes
Turn   | Place    | Note
-------+----------+-------------------------------------------
     0 | D:1      | greasedhog the Deep Elf Fighter began the quest for the
                  | Orb.
     0 | D:1      | Reached XP level 1. HP: 13/13 MP: 3/3
   238 | D:1      | Reached skill level 1 in Dodging
   238 | D:1      | Reached XP level 2. HP: 18/18 MP: 4/4
   542 | D:1      | Found Biset's Armour Boutique.
   552 | D:1      | Reached skill level 1 in Stealth
   956 | D:2      | Reached XP level 3. HP: 9/22 MP: 5/5
  1062 | D:2      | Found an ancient bone altar of Kikubaaqudgha.
  1490 | D:2      | Noticed Sigmund
  1501 | D:2      | Slain by Sigmund

Illustrated notes

Levels and vault maps discovered:
D:1:      dpeg_arrival_radiant, layout_basic, serial_shops,
          nicolae_shop_advertising_works [nicolae_subvault_shop_adworks]
D:2:      layout_loops_cross, basic_altar, chequers_serial_rivers_room_b,
          uniq_sigmund

Skill      XL: |  1  2  3 |
---------------+----------+-----
Dodging        | 1 2 |  2.3
Stealth        | 1 |  1.6
Fighting       | |  2.7
Short Blades   | |  2.9
Armour         | |  2.4
Shields        | |  2.4

Action                   || total
-------------------------++-------
Melee: Rapier            ||   169
  Use: Scroll            ||     3
       Potion            ||     1
Armor: Scale mail        ||    69
Dodge: Dodged            ||    95
Block: Buckler           ||    38

Table legend: (Time is in decaauts)
 A = Elapsed time spent in this place.
 B = Non-inter-level travel time spent in this place.
 C = Inter-level travel time spent in this place.
 D = Time resting spent in this place.
 E = Time spent auto-exploring this place.
 F = Levels seen in this place.
 G = Mean time per level.
                   A        B        C        D        E       F      G
               +--------+--------+--------+--------+--------+-----+--------+
         Total |   1523 |   1508 |     15 |    142 |   1043 |   2 |  761.5 |
       Dungeon |   1523 |   1508 |     15 |    142 |   1043 |   2 |  761.5 |
               +--------+--------+--------+--------+--------+-----+--------+

Top non-repeatable levels by time:
     D:1: 926 daAuts
     D:2: 597 daAuts
